Map: Lerilak Crest

Players

Ame - Winner!

  • Race: Zerg Zerg
  • League: Silver

bababooey

  • Race: Terran Terran
  • League: Gold

VOD

Have the link to the VOD?

Description

Time

  • Played on: Nov. 13, 2015, 9:51 p.m.
  • Length: 12:21
Show
View Real Time Build Order
Export as new Build Order

Ame Zerg - Winner!

Build Orders: Hatch First 

Get SALT Encoding   

  12  0:03  Drone  
  13  0:08  Drone  
  14  0:17  Overlord  
  14  0:36  Drone  
  14  0:37  Drone x2  
  17  0:54  Hatchery  
  16  0:58  Drone  
  16  1:01  Extractor  
  16  1:02  Drone  
  17  1:18  Drone, Spawning Pool  
  17  1:26  Drone  
  17  1:31  Drone  
  19  1:43  Drone  
  20  1:53  Drone  
  21  1:57  Evolution Chamber  
  20  2:02  Overlord  
  20  2:04  Queen  
  22  2:09  Queen  
  22  2:11  Drone  
  25  2:17  Drone  
  25  2:21  Overlord  
  26  2:32  Zerg Melee Weapons Level 1  
  26  2:34  Zergling x2  
  26  2:35  Zergling x2  
  28  2:37  Zergling x2  
  28  2:40  Drone  
  30  2:54  Baneling Nest  
  29  2:59  Drone x3  
  32  3:07  Drone  
  32  3:08  Drone  
  32  3:12  Metabolic Boost  
  34  3:15  Drone  
  35  3:22  Drone  
  35  3:23  Drone x3, Extractor  
  35  3:25  Drone  
  39  3:28  Overlord  
  39  3:48  Drone x5  
  45  3:55  Zergling x2  
  45  3:56  Zergling x4  
  45  4:01  Drone x3  
  50  4:04  Drone  
  50  4:05  Extractor  
  50  4:13  Lair, Evolution Chamber  
  46  4:33  Drone x2  
  48  4:38  Drone  
  48  4:42  Zerg Ground Armor Level 1  
  49  4:47  Zergling x6  
  52  4:54  Hatchery  
  52  4:58  Zergling x2  
  52  5:02  Overlord  
  52  5:03  Overlord x5  
  52  5:09  Zerg Missile Weapons Level 1  
  52  5:13  Roach Warren  
  50  5:15  Drone  
  50  5:16  Extractor  
  50  5:25  Zergling x2  
  50  5:26  Zergling x10  
  56  5:29  Queen  
  56  5:31  Queen  
  60  5:42  Baneling  
  60  5:43  Baneling x14  
  60  5:47  Zergling x2  
  60  5:48  Zergling x4  
  63  5:56  Roach x3  
  69  6:03  Roach  
  69  6:04  Roach x2  
  75  6:09  Roach x2  
  79  6:16  Drone  
  80  6:26  Roach x6  
  80  6:28  Roach  
  80  6:31  Drone x2  
  96  7:03  Drone x3  
  96  7:04  Drone x6  
  105  7:15  Overlord x4  
  89  7:44  Zergling x2  
  89  7:45  Zergling x28  
  89  7:50  Zerg Melee Weapons Level 2  
  89  7:51  Zerg Ground Armor Level 2  
  100  7:54  Glial Reconstitution  
  100  7:55  Drone x3  
  100  7:56  Drone  
  100  7:58  Extractor  
  93  7:59  Extractor  
  81  8:16  Roach  
  81  8:17  Roach x7  
  97  8:27  Spire, Zergling x2  
  97  8:28  Zergling x12  
  103  9:12  Hydralisk Den  
  87  9:26  Roach x14  
  87  9:27  Roach x6  
  87  9:30  Overlord  
  123  9:33  Overlord x2  
  123  9:34  Overlord x2  
  117  9:55  Zergling x14  
  84  10:31  Roach x10  
  84  10:32  Roach x4  
  100  10:45  Zergling x6  
  100  10:46  Zergling x8  
  95  11:04  Zergling x6  
  95  11:05  Zergling x6  
  95  11:09  Zergling x4  
  103  11:18  Hatchery  
  103  11:21  Infestation Pit  
  103  11:22  Zergling x6  
  95  11:27  Mutalisk x9  
  113  11:35  Zergling x2  
  113  11:36  Zergling x4  
  116  11:45  Mutalisk x2  
Show
View Real Time Build Order
Export as new Build Order

bababooey Terran 

Build Orders:  

Get SALT Encoding   

  12  0:01  SCV  
  13  0:13  SCV  
  14  0:20  Supply Depot  
  14  0:26  SCV  
  15  0:42  SCV, Barracks  
  16  0:51  Refinery  
  16  0:54  SCV  
  17  1:06  SCV  
  18  1:18  SCV  
  19  1:30  Supply Depot  
  19  1:32  Orbital Command  
  19  1:41  Barracks Reactor  
  19  1:54  Command Center  
  19  1:58  SCV  
  20  2:12  SCV  
  21  2:18  Marine x2  
  23  2:26  SCV  
  24  2:31  Barracks  
  24  2:32  Factory  
  24  2:35  Refinery  
  24  2:38  SCV, Marine  
  26  2:52  SCV  
  26  3:07  Marine, Orbital Command  
  26  3:08  Marine  
  26  3:11  SCV  
  29  3:16  Starport  
  29  3:19  Barracks Tech Lab  
  29  3:23  Factory Reactor  
  29  3:26  Marine  
  29  3:27  Marine  
  30  3:32  Orbital Command  
  31  3:38  Bunker  
  31  3:45  Stimpack  
  31  3:46  Marauder  
  31  3:47  Marine x2  
  35  3:54  SCV  
  36  4:12  SCV x2  
  36  4:14  Liberator  
  37  4:24  SCV x2  
  39  4:27  Medivac  
  41  4:35  Refinery  
  41  4:37  Factory Tech Lab  
  44  4:43  Marine x2  
  46  4:49  Refinery  
  46  4:55  SCV x2  
  46  4:56  Supply Depot, Marauder  
  46  4:57  Supply Depot  
  50  5:00  Liberator  
  50  5:07  Command Center, SCV x2  
  55  5:21  Engineering Bay  
  55  5:22  SCV, Engineering Bay  
  55  5:23  SCV  
  57  5:29  Medivac  
  57  5:31  Marine  
  57  5:34  Marine  
  61  5:37  SCV  
  61  5:40  SCV  
  63  5:48  Marauder  
  65  5:52  SCV  
  65  5:53  SCV  
  67  5:59  Medivac  
  69  6:05  SCV  
  70  6:11  Supply Depot  
  70  6:13  Supply Depot  
  70  6:15  Missile Turret  
  70  6:17  Missile Turret  
  70  6:19  SCV x2  
  70  6:20  Terran Infantry Weapons Level 1  
  70  6:21  Terran Infantry Armor Level 1  
  72  6:26  Orbital Command  
  72  6:31  SCV  
  73  6:35  Marauder  
  73  6:37  Concussive Shells  
  73  6:38  Marine x2  
  77  6:45  SCV x2  
  79  6:57  SCV x2  
  79  6:58  Liberator  
  81  7:01  Supply Depot  
  81  7:08  Orbital Command  
  81  7:13  Marine x2, Marauder  
  85  7:17  Siege Tank  
  91  7:23  Supply Depot  
  68  7:39  SCV  
  68  7:40  Marine x2  
  68  7:41  Marauder  
  70  7:51  Orbital Command  
  57  8:24  Marauder  
  57  8:25  Marine x2  
  57  8:26  Siege Tank  
  64  8:31  SCV  
  64  8:33  SCV  
  64  8:34  SCV  
  67  8:43  SCV  
  67  8:45  SCV, Marauder  
  67  8:48  SCV  
  72  8:53  Barracks  
  72  8:54  Barracks  
  72  8:55  SCV  
  73  8:58  SCV  
  74  9:07  Marauder  
  71  9:10  Armory  
  69  9:21  Marine x2  
  62  9:28  Marauder  
  62  9:30  Medivac x2  
  51  9:39  Marine x2  
  51  9:49  Marauder  
  51  9:50  Marine x2  
  55  9:56  Marine  
  55  9:57  Marine  
  54  10:08  Marine x2  
  54  10:11  Marauder  
  57  10:14  Marine x2  
  54  10:25  Marine  
  55  10:32  Marauder  
  52  10:36  Orbital Command  
  48  10:43  Marine  
  46  10:54  Marauder  
  48  11:04  Barracks Reactor  
  48  11:05  Orbital Command  
  48  11:07  Marine  
  48  11:08  Marine  
  48  11:09  Thor  
  56  11:15  Marauder  
  58  11:34  Starport Reactor  
Tags
 
Add a new tag
Caveats
  • Supply blocks, unpowered buildings, or Contaminate may cause inaccurate times.
  • Supply counts are checked every 10 seconds.